 Dungeon Crawl Stone Soup version 0.31-a0-145-g046c7d2549 (webtiles) character file.

Game seed: 6978141633202248397

15961 Kenran the Carver (level 12, 0/97 HPs)
             Began as a Human Berserker on June 4, 2023.
             Was a High Priest of Trog.
             Killed from afar by a starcursed mass (8 damage)
             ... with an accursed screaming
             ... on level 2 of the Abyss on June 5, 2023.
             The game lasted 00:21:15 (13754 turns).

Kenran the Carver (Human Berserker)                Turns: 13754, Time: 00:21:15

Health: 0/97       AC: 29    Str: 20    XL:     12   Next: 64%
Magic:  12/12      EV:  9    Int: 12    God:    Trog [*****.]
Gold:   725        SH:  5    Dex: 16    Spells: 11/11 levels left

rFire   . . .        a - +3 long sword (freeze)
rCold   . . .        (no shield)
rNeg    . . .        m - +7 chain mail "Ihone" {Int+5}
rPois   .            b - +1 hat
rElec   .            H - +2 cloak
rCorr   .            p - +0 pair of gloves
SInv    +            L - +0 pair of boots
Will    .....        C - amulet of reflection Stlth
                     u - ring of see invisible
HPRegen 0.36/turn    B - +4 ring of protection
MPRegen 0.13/turn

%: reflection
@: about to teleport, on berserk cooldown, hasted, very quick
A: no striking features
a: Renounce Religion, Berserk, Trog's Hand, Brothers in Arms


You were on level 2 of the Abyss.
You worshipped Trog.
Trog was extremely pleased with you.
You visited 1 branch of the dungeon, and saw 11 of its levels.
You visited the Abyss 1 time.
You also visited: Ossuary.

You collected 725 gold pieces.

Inventory:

Hand Weapons
 a - a +3 long sword of freezing (weapon)
 I - a +3 short sword of freezing
 P - a +1 antimagic dire flail
Armour
 b - a +1 hat (worn)
 m - the +7 chain mail "Ihone" (worn) {Int+5}
   (You found it on level 3 of the Dungeon)

   Int:       It affects your intelligence (+5).
 p - a +0 pair of gloves (worn)
 H - a +2 cloak (worn)
 L - a +0 pair of boots (worn)
Jewellery
 u - a ring of see invisible (left hand)
 B - a +4 ring of protection (right hand)
 C - an amulet of reflection (around neck)
 J - a ring of flight
Wands
 z - a wand of mindburst (13)
 A - a wand of flame (20)
 D - a wand of paralysis (9)
 E - a wand of acid (10)
 G - a wand of polymorph (14)
 M - a wand of iceblast (4)
 N - a wand of digging (4)
Scrolls
 d - 4 scrolls of teleportation
 f - 2 scrolls of enchant armour
 h - 2 scrolls of immolation {!r}
 k - 3 scrolls of fog {unknown}
 s - 2 scrolls of vulnerability {!r}
 v - a scroll of enchant weapon
 x - 2 scrolls of magic mapping
 K - a scroll of silence {unknown}
 O - a scroll of brand weapon {unknown}
Potions
 c - a potion of mutation {unknown}
 e - a potion of magic
 g - a potion of attraction {unknown}
 i - 7 potions of curing {@q1}
 j - a potion of haste
 l - 2 potions of enlightenment
 n - a potion of heal wounds {unknown}
 o - 2 potions of brilliance
 q - 2 potions of lignification {!q}
 w - a potion of degeneration {unknown}
 F - a potion of ambrosia {unknown}


   Skills:
 - Level 10.0 Fighting
 - Level 14.0 Long Blades
 + Level 9.9 Armour
 - Level 2.0 Dodging
 - Level 5.0 Evocations


You had 11 spell levels left.
You didn't know any spells.
Your spell library was empty.

Dungeon Overview and Level Annotations

Branches:
Dungeon (11/15)            Temple (0/1) D:5            Lair (0/5) D:10
    Orc (0/2) D:9         Ossuary (visited)

Altars:
Cheibriados
Dithmenos
Hepliaklqana
Makhleb
Qazlal
Ru
Sif Muna
Trog
Vehumet
Wu Jian
Xom

Shops:
D:6 *[

Annotations:
D:3 2 runed translucent doors, Faragor's ghost, weakling DEIE
D:7 exclusion: upstairs


Message History

The ynoxinul hits you but does no damage.
It was a potion of cancellation.
Your magical effects are unravelling.
You feel magically purged.
You feel less wooden.
Your +2 cloak unmelds from your body.
Your +1 hat unmelds from your body.
Your +0 pair of gloves unmelds from your body.
Your +0 pair of boots unmelds from your body.
The +7 chain mail "Ihone" {Int+5} unmelds from your body.
You feel yourself speed up.
Your enlightenment fades.
The small abomination closely misses you.
A chorus of shrieks assaults your mind.
* * * LOW HITPOINT WARNING * * *
The ynoxinul barely misses you.
The small abomination hits you but does no damage.
Okay, then.
Blink to where?
Press: ? - help, Dir - move target A chaos spawn comes into view.
As you read the scroll of blinking, it crumbles to dust.
The chaos spawn trumpets!
As you read the scroll of teleportation, it crumbles to dust.
You feel strangely unstable.
You feel the power of the Abyss delaying your translocation!
It was a potion of haste.
You feel yourself speed up.
An ufetubus comes into view.
The chaos spawn hits you.
* * * LOW HITPOINT WARNING * * *
The chaos spawn shocks you.
* * * LOW HITPOINT WARNING * * *
As you read the scroll of fear, it crumbles to dust.
You assume a fearsome visage.
The ynoxinul resists with some effort.
The ufetubus looks frightened!
The ufetubus shouts!
The chaos spawn resists with some effort.
The shadow demon resists with almost no effort.
The starcursed mass is unaffected.
The small abomination is unaffected.
The chaos spawn hits you but does no damage.
The starcursed mass shrieks in your mind.
You die...

. ≣.. ≣≣≣.≣ ▓.░
≣...≣..≣X≣
..≣≣#.. .
≣...#.#≣..≣
......# #...
...≣≣2≣≣......#
.≣...
##...3....≣.≣.#
......
.............≣
.............#
........x.....#
≣.. ..≣..@4.▓
≣▓...▓▓ ≣.....#
.........
...........
.............#
....░.....#..≣
...░░≣...###5▓


You could see a starcursed mass, a shadow demon, a ynoxinul, a chaos spawn, a
small abomination and an ufetubus (fleeing).

Vanquished Creatures
  A lich (Abyss:2)
  A great orb of eyes (Abyss:2)
  A caustic shrike simulacrum (Abyss:2)
  3 two-headed ogres
  A wretched star (Abyss:2)
  An ugly thing (D:7)
  A manticore (D:11)
  A komodo dragon (D:10)
  An unseen horror (D:10)
  A kobold demonologist (D:7)
  A troll (D:11)
  An ancient zyme (Abyss:2)
  Sigmund (D:5)
  A vampire (D:7)
  4 yaks (D:10)
  A water elemental (D:11)
  2 small abominations (Abyss:2)
  A shadow (D:11)
  2 large abominations (Abyss:2)
  A chaos spawn (Abyss:2)
  A steam dragon (D:7)
  A vampire mosquito (D:7)
  Menkaure (Ossuary)
  Edmund (D:4)
  5 water moccasins
  2 acid dragons
  An orc warrior (D:6)
  A sky beast (D:8)
  4 black bears
  An ogre (D:6)
  7 centaurs
  An elf zombie (D:5)
  3 kobold brigands
  5 bullfrogs
  2 gnoll sergeants
  2 scorpions (D:5)
  4 elf skeletons (D:5)
  9 wights
  8 killer bees
  2 howler monkeys
  8 electric eels
  A crimson imp (D:6)
  A quasit (Abyss:2)
  5 hounds
  2 iron imps
  3 jellies
  5 orc priests
  21 starcursed masses (Abyss:2)
  Crazy Yiuf (D:7)
  2 human skeletons (D:5)
  2 sleepcaps
  A gnoll bouda (D:9)
  5 iguanas
  17 orc wizards
  3 mummies (Ossuary)
  13 gnolls
  6 adders
  A white imp (D:7)
  2 ufetubi
  A worm (D:4)
  2 dart slugs
  35 orcs
  8 ball pythons
  4 endoplasms
  5 giant cockroaches
  3 gnoll zombies (Ossuary)
  4 hobgoblins
  2 jackals (D:1)
  15 kobolds
  5 quokkas
  2 bats
  3 frilled lizards
  A gnoll skeleton (Ossuary)
  5 goblins
  9 goblin skeletons (Ossuary)
  5 goblin zombies (Ossuary)
  4 hobgoblin skeletons (Ossuary)
  5 hobgoblin zombies (Ossuary)
  3 kobold skeletons (Ossuary)
  5 kobold zombies (Ossuary)
  5 orc skeletons
  6 orc zombies
  2 rats (D:3)
  4 rat skeletons (Ossuary)
  4 rat zombies (Ossuary)
334 creatures vanquished.

Vanquished Creatures (collateral kills)
  An apocalypse crab (Abyss:2)
  A small abomination (Abyss:2)
2 creatures vanquished.

Vanquished Creatures (others)
  An apocalypse crab (Abyss:2)
  An unseen horror (D:11)
  An orc (D:7)
  2 starspawn tentacles (Abyss:2)
5 creatures vanquished.

Grand Total: 341 creatures vanquished

Notes
Turn   | Place    | Note
-------+----------+-------------------------------------------
     0 | D:1      | Kenran the Human Berserker began the quest for the Orb.
     0 | D:1      | Reached XP level 1. HP: 18/18 MP: 1/1
   243 | D:1      | Reached XP level 2. HP: 16/24 MP: 2/2
   522 | D:1      | Reached skill level 4 in Long Blades
   522 | D:1      | Reached XP level 3. HP: 27/29 MP: 3/3
   933 | D:2      | Reached ** piety under Trog
  1183 | D:2      | Reached skill level 5 in Long Blades
  1183 | D:2      | Reached XP level 4. HP: 35/35 MP: 4/4
  1473 | D:3      | Identified the +7 chain mail "Ihone" {Int+5}
  1504 | D:3      | Found a runed translucent door.
  1618 | D:3      | Reached XP level 5. HP: 41/41 MP: 5/5
  1991 | D:3      | Found a runed translucent door.
  2013 | D:3      | Noticed Faragor's ghost (weakling DEIE)
  2138 | D:4      | Reached skill level 6 in Long Blades
  2193 | D:4      | Noticed Edmund
  2209 | D:4      | Killed Edmund
  2210 | D:4      | Reached XP level 6. HP: 47/47 MP: 6/6
  2275 | D:4      | Found a hazy altar of Hepliaklqana.
  2500 | D:4      | Found a shimmering blue altar of Sif Muna.
  2688 | D:4      | Reached skill level 7 in Long Blades
  2838 | D:4      | Reached XP level 7. HP: 41/52 MP: 7/7
  3124 | D:5      | Entered Level 5 of the Dungeon
  3285 | D:5      | Reached skill level 8 in Long Blades
  3302 | D:5      | Found a staircase to the Ecumenical Temple.
  3315 | D:5      | Noticed a water moccasin
  3326 | D:5      | Killed a water moccasin
  3455 | D:5      | Noticed Sigmund
  3465 | D:5      | Killed Sigmund
  3466 | D:5      | Reached skill level 9 in Long Blades
  3466 | D:5      | Reached XP level 8. HP: 58/58 MP: 8/8
  3598 | D:5      | Reached *** piety under Trog
  3601 | D:5      | Found a sand-covered staircase.
  3626 | Ossuary  | Entered an ossuary
  3900 | Ossuary  | Reached **** piety under Trog
  3985 | Ossuary  | Reached skill level 10 in Long Blades
  4000 | Ossuary  | Noticed Menkaure
  4022 | Ossuary  | Killed Menkaure
  4380 | D:5      | Reached XP level 9. HP: 42/65 MP: 9/9
  4818 | D:5      | Reached skill level 5 in Fighting
  5220 | D:5      | Found a radiant altar of Vehumet.
  5362 | D:6      | Found a shimmering altar of Xom.
  5362 | D:6      | Found a burning altar of Makhleb.
  5488 | D:6      | Reached skill level 5 in Armour
  5836 | D:6      | Found Suojifux's Gadget Gallery.
  6005 | D:6      | Found a snail-covered altar of Cheibriados.
  6147 | D:6      | Reached skill level 1 in Evocations
  6236 | D:6      | Found Gepakhy's Antique Armour Shop.
  7064 | D:7      | Reached ***** piety under Trog
  7381 | D:7      | Reached XP level 10. HP: 60/76 MP: 10/10
  7406 | D:7      | Noticed a boulder beetle
  7438 | D:6      | Reached skill level 5 in Evocations
  8198 | D:7      | Noticed a green ugly thing
  8198 | D:7      | Noticed a kobold demonologist
  8205 | D:7      | Killed a kobold demonologist
  8226 | D:7      | Killed a green ugly thing
  8227 | D:7      | Reached skill level 11 in Long Blades
  8537 | D:7      | Found a runed translucent door.
  8538 | D:7      | Noticed Crazy Yiuf
  8698 | D:7      | Killed Crazy Yiuf
  8770 | D:8      | Found a sacrificial altar of Ru.
  9005 | D:8      | Noticed a two-headed ogre
  9012 | D:8      | Killed a two-headed ogre
  9046 | D:8      | Reached skill level 12 in Long Blades
  9046 | D:8      | Reached XP level 11. HP: 85/85 MP: 11/11
  9252 | D:8      | Found an ornate altar of the Wu Jian Council.
  9259 | D:8      | Found a shadowy altar of Dithmenos.
  9384 | D:8      | Found a bloodstained altar of Trog.
  9495 | D:8      | Found a stormy altar of Qazlal.
  9970 | D:9      | Received a gift from Trog
 10179 | D:9      | Found a staircase to the Orcish Mines.
 10945 | D:10     | Entered Level 10 of the Dungeon
 11063 | D:10     | Noticed a two-headed ogre
 11068 | D:10     | Killed a two-headed ogre
 11069 | D:10     | Reached skill level 10 in Fighting
 11247 | D:10     | Found a staircase to the Lair.
 11780 | D:10     | Identified the +5 ring mail "Roahisie" {-Tele Harm rF+
                  | Regen+}
 11950 | D:11     | Noticed a manticore
 12077 | D:11     | Killed a manticore
 12449 | D:11     | Noticed a two-headed ogre
 12485 | D:11     | Killed a two-headed ogre
 12714 | D:11     | Noticed a cyclops
 12715 | D:11     | Noticed a wizard
 12905 | D:10     | Reached skill level 13 in Long Blades
 12905 | D:10     | Reached XP level 12. HP: 95/97 MP: 12/12
 12911 | Abyss:2  | Cast into level 2 of the Abyss (a wizard)
 12980 | Abyss:2  | Noticed a wretched star
 12999 | Abyss:2  | Killed a wretched star
 13128 | Abyss:2  | Noticed a starcursed mass
 13140 | Abyss:2  | Noticed a tentacled starspawn
 13226 | Abyss:2  | Noticed a starcursed mass
 13228 | Abyss:2  | Found a corrupted altar of Lugonu.
 13236 | Abyss:2  | Noticed a starcursed mass
 13243 | Abyss:2  | Paralysed by accursed screaming for 2 turns
 13264 | Abyss:2  | Paralysed by accursed screaming for 2 turns
 13270 | Abyss:2  | Received a gift from Trog
 13297 | Abyss:2  | Found a corrupted altar of Lugonu.
 13300 | Abyss:2  | Found a corrupted altar of Lugonu.
 13606 | Abyss:2  | Noticed a great orb of eyes
 13636 | Abyss:2  | Killed a great orb of eyes
 13703 | Abyss:2  | Noticed a lich
 13725 | Abyss:2  | Killed a lich
 13733 | Abyss:2  | Reached skill level 14 in Long Blades
 13738 | Abyss:2  | Noticed a starcursed mass
 13740 | Abyss:2  | Noticed a shadow demon
 13754 | Abyss:2  | Killed from afar by a starcursed mass

Illustrated notes

Levels and vault maps discovered:
D:1:      lordsloth_arrival_two_stooges, layout_basic,
          chequers_hall_statues_corner_a
D:2:      layout_rooms, kennysheep_nondescript, nicolae_eternal_life
D:3:      layout_rooms, ebering_ghost_sewer_f
D:4:      layout_gridville, led_sif_pool, old_standard_altar, uniq_edmund
D:5:      layout_basic, general_overflow_altar, minmay_temple_entry_hall,
          nicolae_ossuary_entry_catacombs, uniq_sigmund
D:6:      layout_basic, grunt_temple_overflow_champion_of_chaos, slow_altar_2,
          serial_shops, nicolae_shop_just_a_little_nook, nicolae_shop_gadgets
D:7:      layout_basic, minmay_shattered_shrine, uniq_menkaure,
          uniq_crazy_yiuf_cottage
D:8:      layout_basic, marbit_many_paths, minitemple,
          nicolae_overflow_hidden_temple, trog_ov_bears_minmay
D:9:      nicolae_whirlpool, layout_irregular_city, orc_0_dummy
D:10:     layout_basic, lair_entry_dummy
D:11:     layout_basic, hangedman_abyss_or_decor_clamps, minmay_bent
Abyss:2:  base: D:11, base:
D:11

Skill      XL: |  1  2  3  4  5  6  7  8  9 10 11 12 |
---------------+-------------------------------------+-----
Long Blades    | 4 5 6 7 9 10 12 13 14 | 14.0
Armour         | 3 6 7 9 |  9.9
Fighting       | 4 6 7 10 | 10.0
Evocations     | 4 5 |  5.0
Dodging        | |  2.0

Action                     |  1- 3 |  4- 6 |  7- 9 | 10-12 || total
---------------------------+-------+-------+-------+-------++-------
  Melee: Falchion          |   112 |   136 |   836 |    73 ||  1157
         Punch             |     2 |     3 |    14 |     8 ||    27
         Long sword        |       |       |       |   582 ||   582
 Invoke: Berserk           |     2 |     1 |     3 |     8 ||    14
         Trog's Hand       |       |       |       |     2 ||     2
  Evoke: Wand              |       |       |       |    14 ||    14
    Use: Scroll            |     1 |       |     4 |    12 ||    17
         Potion            |       |       |       |    10 ||    10
   Stab: Sleeping          |     1 |       |       |       ||     1
 Armour: Animal skin       |    23 |       |       |       ||    23
         Chain mail        |       |    76 |   424 |   445 ||   945
         Skin              |       |       |       |     5 ||     5
  Dodge: Dodged            |    80 |    42 |   252 |   274 ||   648
  Block: Other             |       |       |       |    56 ||    56
         Reflection        |       |       |       |     5 ||     5

Table legend: (Time is in decaauts)
 A = Elapsed time spent in this place.
 B = Non-inter-level travel time spent in this place.
 C = Inter-level travel time spent in this place.
 D = Time resting spent in this place.
 E = Time spent auto-exploring this place.
 F = Levels seen in this place.
 G = Mean time per level.
                   A        B        C        D        E       F      G
               +--------+--------+--------+--------+--------+-----+--------+
         Total |  13656 |  13360 |    296 |   3323 |   6813 |  13 | 1050.5 |
       Dungeon |  12300 |  12004 |    296 |   2739 |   6652 |  11 | 1118.2 |
         Abyss |    804 |    804 |      0 |    470 |     38 |   1 |  804.0 |
       Ossuary |    551 |    551 |      0 |    113 |    123 |   1 |  551.0 |
               +--------+--------+--------+--------+--------+-----+--------+

Top non-repeatable levels by time:
     D:6: 1821 daAuts
     D:7: 1580 daAuts
     D:5: 1543 daAuts
    D:10: 1285 daAuts
     D:9: 1148 daAuts
     D:4: 1076 daAuts
     D:8: 1004 daAuts
     D:1: 849 daAuts
 Abyss:2: 804 daAuts
    D:11: 749 daAuts
     D:2: 638 daAuts
     D:3: 602 daAuts
 Ossuary: 551 daAuts
